 Dungeon Crawl Stone Soup version 0.31-a0-152-g6aa68a64a1 (webtiles) character file.

Game seed: 7199152532300744683

21 Ijustatesigmund the Stinger (level 2, -6/18 HPs)
             Began as an Octopode Venom Mage on June 9, 2023.
             Mangled by Natasha (9 damage)
             ... on level 3 of the Dungeon.
             The game lasted 00:01:51 (1246 turns).

Ijustatesigmund the Stinger (Octopode Venom Mage)   Turns: 1246, Time: 00:01:52

Health: -6/18      AC:  1    Str:  6 (7)  XL:     2   Next: 87%
Magic:  5/5        EV: 13    Int: 14 (17) God:
Gold:   11         SH:  0    Dex: 10 (12) Spells: 2/5 levels left

rFire   . . .        c - +0 short sword
rCold   . . .        (no shield)
rNeg    . . .        (helmet restricted)
rPois   .            (no amulet)
rElec   .            (no ring)
rCorr   .            (no ring)
SInv    .            (no ring)
Will    .....        (no ring)
Stlth   +++          (no ring)
HPRegen 0.23/turn    (no ring)
MPRegen 0.09/turn    (no ring)
                     (no ring)

%: no passive effects
@: no status effects
A: almost no armour, amphibious, 8 rings, camouflage 1, gelatinous body 1,
(nimble swimmer 1), tentacles
a: no special abilities


You were on level 3 of the Dungeon.
You visited 1 branch of the dungeon, and saw 3 of its levels.

You collected 11 gold pieces.

Inventory:

Hand Weapons
 c - a +0 short sword (weapon)
Scrolls
 b - a scroll of magic mapping {unknown}
 g - a scroll of immolation {unknown}
 h - 3 scrolls of fog {unknown}
 i - a scroll of identify {unknown}
Potions
 a - a potion of magic
 d - a potion of cancellation {unknown}
 e - a potion of degeneration
 f - 2 potions of invisibility {unknown}


   Skills:
 + Level 1.0 Fighting
 - Level 2.0 Dodging
 - Level 2.6 Stealth
 + Level 2.2 Spellcasting
 - Level 1.2 Transmutations
 + Level 0.5 Air Magic
 + Level 4.0 Poison Magic


You had 2 spell levels left.
You knew the following spells:

 Your Spells              Type           Power      Damage    Failure   Level
a - Sting                 Tmut/Pois      36%        1d4       8%          1
b - Poisonous Vapours     Pois/Air       14%        N/A       14%         2

Your spell library contained the following spells:

 Spells                   Type           Power      Damage    Failure   Level
 Mephitic Cloud           Conj/Pois/Air  5%         N/A       36%         3
 Olgreb's Toxic Radiance  Pois           12%        N/A       41%         4


Dungeon Overview and Level Annotations

Branches:
Dungeon (3/15)

Altars:

Shops:
D:2 *

Annotations:
D:3 Natasha


Innate Abilities, Weirdness & Mutations

You cannot wear most types of armour.
You are amphibious.
You can wear up to eight rings at the same time.
Your skin changes colour to match your surroundings (Stealth+).
Your rubbery body absorbs attacks. (AC +1, EV +1)
((You are camouflaged when in or above water. (Stealth+)))
You have tentacles for arms and can constrict up to eight enemies at once.


Message History

There is an entrance to Seaceco's General Store here.
There is an open door here.
i - a scroll labelled NEAXKU XIYLY You see here 6 stones.
You see here 4 poisoned darts.
You open the door.
Found an escape hatch in the floor.
There is an open door here.
There is an escape hatch in the floor here.
There is an open door here.
There is an open door here.
Done exploring.
Done exploring.
(D) Dungeon
Where to? (? - help)
There is a stone staircase leading down here.
You climb downwards.
Found a club and a viscous ruby potion.
There is a stone staircase leading up here.
There are monsters nearby!
The helpless ball python fails to defend itself.
You hit the ball python.
You kill the ball python!
The helpless rat fails to defend itself.
You hit the rat.
You kill the rat!
Natasha, Servant of Life and Death comes into view.
Natasha claws you.
You hit Natasha. You grab Natasha.
Natasha is lightly wounded.
You constrict Natasha, but do no damage.
Natasha claws you!
Ouch! That really hurt!
* * * LOW HITPOINT WARNING * * *
It was a potion of degeneration.
There was something very wrong with that liquid.
You feel weakened.
You feel dopey.
You feel clumsy.
You constrict Natasha. Natasha claws you!
Ouch! That really hurt!
You die...

###########
#######..@h......
....!....########
#####..†<....)..
#..†.#######
#.#.## #...#
#.### #. #


You could see Natasha.

Vanquished Creatures
  A dart slug (D:2)
  2 endoplasms (D:2)
  A giant cockroach (D:2)
  A goblin (D:2)
  A hobgoblin (D:2)
  5 kobolds (D:2)
  A quokka (D:2)
  3 ball pythons
  A bat (D:2)
  A frilled lizard (D:2)
  2 rats
19 creatures vanquished.

Notes
Turn   | Place    | Note
-------+----------+-------------------------------------------
     0 | D:1      | Ijustatesigmund the Octopode Venom Mage began the quest for
                  | the Orb.
     0 | D:1      | Reached XP level 1. HP: 11/11 MP: 3/3
    14 | D:1      | You fall into a shaft and drop 1 floor!
   289 | D:2      | Reached XP level 2. HP: 12/18 MP: 5/5
   292 | D:2      | Learned a level 2 spell: Poisonous Vapours
   691 | D:2      | Reached skill level 4 in Poison Magic
   960 | D:2      | Found Seaceco's General Store.
   998 | D:2      | Reached skill level 1 in Fighting
  1242 | D:3      | Noticed Natasha
  1246 | D:3      | Mangled by Natasha

Illustrated notes

Levels and vault maps discovered:
D:1:      ldierk_walled_garden_2, layout_loops_ring,
          shapermc_ecumenical_altar_petra, serial_glass, glass_columns_a,
          glass_columns_a
D:2:      layout_basic, serial_shops, shop, chequers_mini_garden,
          grunt_decor_resistance, minmay_crystal_room, minmay_misc_feat_tiny
D:3:      layout_loops_ring, gammafunk_ghost_mausoleum, serial_shops,
          nicolae_shop_hallway_stairs, minmay_cut_off, uniq_natasha

Skill      XL: |  1  2 |
---------------+-------+-----
Poison Magic   | 4 |  4.0
Fighting       | 1 |  1.0
Dodging        | |  2.0
Stealth        | |  2.6
Spellcasting   | |  2.2
Transmutations | |  1.2
Air Magic      | |  0.5

Action                     || total
---------------------------++-------
  Melee: Short sword       ||    27
         Constrict         ||     7
         Tentacles         ||     6
   Cast: Sting             ||     7
         Poisonous Vapours ||     6
    Use: Potion            ||     1
   Stab: Sleeping          ||     6
 Armour: Skin              ||     1
  Dodge: Dodged            ||    10

Table legend: (Time is in decaauts)
 A = Elapsed time spent in this place.
 B = Non-inter-level travel time spent in this place.
 C = Inter-level travel time spent in this place.
 D = Time resting spent in this place.
 E = Time spent auto-exploring this place.
 F = Levels seen in this place.
 G = Mean time per level.
                   A        B        C        D        E       F      G
               +--------+--------+--------+--------+--------+-----+--------+
         Total |   1244 |   1230 |     14 |    382 |    720 |   3 |  414.7 |
       Dungeon |   1244 |   1230 |     14 |    382 |    720 |   3 |  414.7 |
               +--------+--------+--------+--------+--------+-----+--------+

Top non-repeatable levels by time:
     D:2: 1224 daAuts
     D:1: 14 daAuts
     D:3: 6 daAuts
